 Dungeon Crawl Stone Soup version 0.17-a0-1900-g45e8110 (webtiles) character file.

279 tp1 the Thaumaturge (level 6, -3/32 HPs)
             Began as a Deep Elf Conjurer on Sept 24, 2015.
             Slain by Duffy's ghost (8 damage)
             ... on level 4 of the Dungeon.
             The game lasted 00:27:51 (4232 turns).

tp1 the Thaumaturge (Deep Elf Conjurer)             Turns: 4232, Time: 00:27:52

Health: -3/32      AC:  2    Str:  7    XL:     6   Next: 5%
Magic:  16/19      EV: 13    Int: 20    God:
Gold:   243        SH:  0    Dex: 15    Spells: 4 memorised, 10 levels left

rFire  . . .     SeeInvis .     (no weapon)
rCold  . . .     Clarity  .     a - +0 robe
rNeg   . . .     SustAt   .     (no shield)
rPois  .         Gourm    .     (no helmet)
rElec  .         Spirit   .     (no cloak)
rCorr  .         Warding  .     (no gloves)
rMut   .         Stasis   .     (no boots)
MR     .....                    (no amulet)
Stlth  ++........               (no ring)
                                (no ring)

@: not resistant to hostile enchantments, unstealthy
A: no striking features
a: no special abilities


You were on level 4 of the Dungeon.
You were not hungry.

You visited 1 branch of the dungeon, and saw 4 of its levels.

You collected 243 gold pieces.

Inventory:

Armour
 a - a +0 robe (worn)
Magical devices
 l - a wand of confusion (22)
Scrolls
 e - a scroll of blinking {unknown}
 g - 3 scrolls of identify {unknown}
 h - a scroll of remove curse {unknown}
 i - a scroll of enchant weapon {unknown}
 k - 2 scrolls of teleportation {unknown}
 m - a scroll of random uselessness {unknown}
Potions
 d - a potion of curing {unknown}
Books
 b - a book of Conjurations

   Spells                             Type                      Level
   a - Magic Dart                     Conjuration                  1
   b - Searing Ray                    Conjuration                  2
   c - Dazzling Spray                 Conjuration/Hexes            3
   d - Fulminant Prism                Conjuration/Hexes            4
   e - Iskenderun's Mystic Blast      Conjuration                  4
   f - Iskenderun's Battlesphere      Conjuration/Charms           5
 j - a Fen Folio

   Spells                             Type                      Level
   a - Corpse Rot                     Necromancy                   2
   b - Stone Arrow                    Conjuration/Earth            3
   c - Leda's Liquefaction            Hexes/Earth                  4
   d - Summon Forest                  Summoning/Translocation      5
   e - Hydra Form                     Transmutation                6
   f - Summon Hydra                   Summoning                    7
Comestibles
 f - a meat ration


   Skills:
 - Level 2.5 Dodging
 - Level 2.4 Stealth
 + Level 8.4 Spellcasting
 - Level 4.5 Conjurations
 - Level 0.3 Hexes


You had 10 spell levels left.
You knew the following spells:

 Your Spells              Type           Power        Failure   Level  Hunger
a - Magic Dart            Conj           ####         1%          1    None
b - Searing Ray           Conj           ####..       1%          2    None
c - Dazzling Spray        Conj/Hex       ###.....     10%         3    None
d - Iskenderun's Battles  Conj/Chrm      ###.....     89%         5    #####..


Dungeon Overview and Level Annotations

Branches:
Dungeon (4/15)             Temple (0/1) D:4

Altars:
Fedhas
Kikubaaqudgha
Okawaru
Qazlal
Trog
Xom
Zin

Annotations:
D:3 Duffy's ghost, average TrMo
D:4 Duffy's ghost, average TrMo


Message History

The searing ray misses Duffy's ghost.
Duffy's ghost barely misses you.
The searing ray hits Duffy's ghost.
Duffy's ghost is lightly damaged.
Duffy's ghost barely misses you.
Casting: Searing Ray
Confirm with . or Enter, or press ? or * to list all spells.
Aiming: Dazzling Spray
Press: ? - help, Shift-Dir - straight line, f/p - Duffy's ghost
Aim: Duffy's ghost (lightly damaged)
The spray of energy hits Duffy's ghost.
Duffy's ghost is lightly damaged.
Duffy's ghost hits you!
Ouch! That really hurt!
* * * LOW HITPOINT WARNING * * *
You see here a giant newt corpse.
There is an open door here.
Duffy's ghost grins evilly.
You open the door. Duffy's ghost hits you!
You die...

###...##...##... #.....###+##
..# ########## #.....+....## ##
##........# +.....#.....#
#.........# #.....#.....#
#....#....#
##.##.####'########.###....#####
#.##.##.......#.##.#..........#
...+..'.......#....#..........#
....#..#.......@W..............#
##..
####.......##..†..(..).....#
####'##....#..#############
#.....'....+...#
+.....#....#...#
#.....#....#...#
###...#....##.#############
###...##.)..#.##..#.......#
.......#....#.....#.......#


You could see Duffy's ghost.

Vanquished Creatures
  An orc priest (D:4)
  An iguana (D:3)
  An orc wizard (D:4)
  2 worker ants (D:4)
  A hound skeleton (D:4)
  4 adders
  An ooze (D:2)
  4 worms (D:2)
  4 giant geckos
  6 orcs
  2 ball pythons
  5 giant cockroaches
  10 goblins
  7 hobgoblins
  5 jackals (D:4)
  3 bats
  6 giant newts
  7 kobolds
  7 rats
77 creatures vanquished.

Notes
Turn   | Place    | Note
--------------------------------------------------------------
     0 | D:1      | tp1 the Deep Elf Conjurer began the quest for the Orb.
     0 | D:1      | Reached XP level 1. HP: 10/10 MP: 6/6
   195 | D:1      | Reached XP level 2. HP: 15/15 MP: 3/8
   196 | D:1      | Found an iron altar of Okawaru.
   963 | D:2      | Reached XP level 3. HP: 19/19 MP: 6/11
   967 | D:2      | Learned a level 2 spell: Searing Ray
   971 | D:2      | Learned a level 3 spell: Dazzling Spray
  1165 | D:2      | Reached skill level 5 in Spellcasting
  1485 | D:2      | Found a shimmering altar of Xom.
  1487 | D:2      | Found a shimmering altar of Xom.
  1501 | D:2      | Found a shimmering altar of Xom.
  1501 | D:2      | Found a shimmering altar of Xom.
  1501 | D:2      | Found a shimmering altar of Xom.
  1501 | D:2      | Found a shimmering altar of Xom.
  1862 | D:3      | Noticed Duffy's ghost (average TrMo)
  2507 | D:2      | Reached XP level 4. HP: 22/24 MP: 4/13
  2547 | D:3      | Found a blossoming altar of Fedhas.
  2593 | D:3      | Reached skill level 6 in Spellcasting
  2597 | D:3      | Found a glowing silver altar of Zin.
  2649 | D:3      | Found an ancient bone altar of Kikubaaqudgha.
  3080 | D:3      | Found a stormy altar of Qazlal.
  3369 | D:3      | Reached XP level 5. HP: 28/28 MP: 11/16
  3446 | D:4      | Found a bloodstained altar of Trog.
  3456 | D:4      | Reached skill level 7 in Spellcasting
  3773 | D:4      | Found a staircase to the Ecumenical Temple.
  3799 | D:4      | Reached skill level 8 in Spellcasting
  3806 | D:4      | Learned a level 5 spell: Iskenderun's Battlesphere
  4105 | D:4      | Reached XP level 6. HP: 32/32 MP: 10/19
  4232 | D:4      | Slain by Duffy's ghost

Vault maps used:
D:1:      lemuel_arrival_behind_the_door_small, okawaru_ov_weapons_minmay
D:2:      xom_redecorated, first_bread
D:3:      lemuel_crystal_altar, grunt_temple_overflow_open, hex_large,
          grunt_ministairs_2, grunt_qazlal_sundering
D:4:      bloody_makhleb, minmay_temple_entry_junction2, serial_shops, shop,
          shop, minmay_misc_feat_roman, trog_three_pillars_becter

Action                   |  1- 3 |  4- 6 || total
-------------------------+-------+-------++-------
 Cast: Magic Dart        |    83 |    67 ||   150
       Searing Ray       |     9 |     7 ||    16
       Dazzling Spray    |     5 |     7 ||    12
  Use: Potion            |       |     1 ||     1
  Eat: Bread ration      |     1 |     1 ||     2
       Meat ration       |       |     1 ||     1
